AoeStats
← Kanyaga

Arabia

509153232Analyzed
1v1 RM · 7d ago on Sep 25, 2026· 44m 35s· 2 players
Game mode
Random Map
Map size
Tiny (2 player)
Population
200
Speed
Normal
Resources
Standard
Victory
Conquest
Starting age
Dark Age
Ending age
Imperial Age
RankedLock teamsTeams togetherTeam positionsShared explorationLock speedFull tech treeHidden civsTurbo modeCheats
Victory
Defeat
🇨🇳 Mongols · China
1585
+17
🇹🇷 Mongols · Türkiye
1597
-17
598709438
6:02 Loom
8:22 Feudal Age
9:26 Double-Bit Axe
15:44 Fletching
20:18 Castle Age
18:39 Gold Mining
18:53 Horse Collar
19:56 Bloodlines
20:49 Scale Barding Armor
21:38 Bow Saw
26:38 Wheelbarrow
27:21 Forging
29:39 Iron Casting
29:26 Chain Barding Armor
32:26 Bodkin Arrow
35:36 Imperial Age
33:15 Padded Archer Armor
34:13 Light Cavalry
36:49 Ballistics
36:42 Bracer
37:46 Chemistry
39:56 Iron Casting
40:41 Thumb Ring
41:29 Husbandry
42:31 Blast Furnace
42:19 Parthian Tactics
42:20 Hand Cart
41:50 Town Watch
Kanyaga
1:59 Loom
8:57 Feudal Age
9:56 Double-Bit Axe
10:32 Horse Collar
19:31 Fletching
19:41 Padded Archer Armor
21:14 Wheelbarrow
21:54 Scale Mail Armor
22:04 Forging
22:32 Scale Barding Armor
26:57 Castle Age
25:41 Gold Mining
27:26 Pikeman
28:23 Chain Mail Armor
28:45 Arson
29:00 Squires
30:00 Chain Barding Armor
31:22 Thumb Ring
33:10 Bodkin Arrow
33:16 Town Watch
32:56 Elite Skirmisher
36:37 Ballistics
38:23 Leather Archer Armor
38:29 Bloodlines
39:36 Husbandry
41:30 Siphons
44:06 Imperial Age
42:20 Nomads
43:26 Light Cavalry
Connection lost

Rejoining the realm…

Still unreachable

The connection could not be restored.

Session expired

The server has moved on; the page needs a fresh start.